 Dungeon Crawl Stone Soup version 0.30.0-20-g3b4254fcbd (webtiles) character file.

Game seed: 9720749151559623099

44 Gabide the Trooper (level 3, 0/29 HPs)
             Began as a Mummy Monk on June 2, 2023.
             Slain by a goblin
             ... wielding a +0 club
             ... led by Robin
              (3 damage)
             ... on level 2 of the Dungeon.
             The game lasted 00:01:55 (944 turns).

Gabide the Trooper (Mummy Monk)                      Turns: 944, Time: 00:01:55

Health: 0/29       AC:  3    Str: 14    XL:     3   Next: 39%
Magic:  3/3        EV: 12    Int:  9    God:
Gold:   38         SH:  0    Dex: 16    Spells: 2/2 levels left

rFire   x . .        a - +0 falchion
rCold   + . .        c - orb {light}
rNeg    + + +        f - +0 leather armour
rPois   ∞            (no helmet)
rElec   .            (no cloak)
rCorr   .            (no gloves)
SInv    .            (no boots)
Will    .....        (no amulet)
Stlth   +            (no ring)
HPRegen 0.24/turn    (no ring)
MPRegen 0.08/turn

%: faith
@: glowing
A: cold resistance 1, negative energy resistance 3, torment resistance 2, heat
vulnerability 1, in touch with death 1, no potions, faith
a: no special abilities


You were on level 2 of the Dungeon.
You visited 1 branch of the dungeon, and saw 2 of its levels.

You collected 38 gold pieces.

Inventory:

Hand Weapons
 a - a +0 falchion (weapon)
Armour
 c - an orb of light (worn)
 f - a +0 leather armour (worn)
Scrolls
 b - a scroll of silence {unknown}
 d - a scroll of vulnerability {unknown}
 e - a scroll of noise {unknown}
 g - a scroll of poison {unknown}
 h - a scroll of identify {unknown}


   Skills:
 + Level 3.5 Fighting
 + Level 2.9 Long Blades
 + Level 2.9 Dodging


You had 2 spell levels left.
You didn't know any spells.
Your spell library contained the following spells:

 Spells                   Type           Power      Damage    Failure   Level
 Magic Dart               Conj           0%         1d3       45%         1
 Searing Ray              Conj           0%         2d4       61%         2
 Fulminant Prism          Conj/Hex       0%         3d5       99%         4


Dungeon Overview and Level Annotations

Branches:
Dungeon (2/15)

Altars:

Annotations:
D:2 Robin


Innate Abilities, Weirdness & Mutations

You are immune to poison.
Your flesh is cold resistant. (rC+)
You are immune to negative energy. (rN+++)
You are immune to unholy pain and torment.
You are vulnerable to heat. (rF-)
You are in touch with the powers of death.
You do not drink.
You have a special connection with the divine. (Faith)


Message History

You barely miss Robin.
Robin is lightly wounded.
A goblin comes into view. It is wielding a +0 dagger.
A goblin comes into view. It is wielding a +0 club.
Robin roars a battlecry!
The goblin goes into a battle-frenzy!
The goblin shouts!
You hear a shout!
A goblin comes into view. It is wielding a +0 club.
The goblin shouts!
You see here a rat corpse.
A goblin comes into view. It is wielding a +0 club.
The goblin shouts!
The goblin barely misses you.
You can't drink.
Okay, then.
Unknown command.
Robin throws the goblin at you! The goblin misses you.
The goblin barely misses you. The goblin misses you.
Robin throws the goblin at you!
You hit the goblin.
You kill the goblin!
The goblin unwields a +0 club.
The goblin wields a +0 sling.
The goblin shoots a sling bullet.
The sling bullet hits you. The goblin hits you with a +0 dagger.
* * * LOW HITPOINT WARNING * * *
The goblin hits you with a +0 club.
* * * LOW HITPOINT WARNING * * *
Robin throws the goblin at you! The goblin closely misses you.
The goblin hits you with a +0 club.
* * * LOW HITPOINT WARNING * * *
You hit the goblin.
The goblin is moderately wounded.
The goblin hits you with a +0 club.
* * * LOW HITPOINT WARNING * * *
The goblin hits you with a +0 dagger.
* * * LOW HITPOINT WARNING * * *
Robin hits you but does no damage.
The goblin no longer looks unusually strong.
The goblin hits you with a +0 club.
You die...

..#############.#######
......................#
#.#########.......###)#
#.# #.......# #g# ...
######.......# #.# ..
..............###)######
.######.......†.)........
#......g###.######.
#....)@g##...#
#.....gg.#...#
#.###.##).....# ...#
#..#..###.# #### ##.#..#
.. #.##.# .## .# #.# ..
..## #.# ##. ...#
########.####.# #..#


You could see Robin and 3 goblins.

Vanquished Creatures
  3 endoplasms
  2 giant cockroaches (D:1)
  8 goblins
  6 hobgoblins (D:1)
  3 ball pythons
  5 bats (D:1)
  A frilled lizard (D:1)
  5 kobolds
  7 rats
40 creatures vanquished.

Notes
Turn   | Place    | Note
-------+----------+-------------------------------------------
     0 | D:1      | Gabide the Mummy Monk began the quest for the Orb.
     0 | D:1      | Reached XP level 1. HP: 18/18 MP: 1/1
   160 | D:1      | Reached XP level 2. HP: 19/24 MP: 2/2
   692 | D:1      | Gained mutation: You are in touch with the powers of death.
                  | [Mummy growth]
   692 | D:1      | Reached XP level 3. HP: 29/29 MP: 3/3
   882 | D:2      | Noticed Robin
   944 | D:2      | Slain by a goblin

Illustrated notes

Levels and vault maps discovered:
D:1:      roderic_crossed_star, layout_basic
D:2:      layout_loops_ring, grunt_ministairs_5, uniq_robin

Action                     || total
---------------------------++-------
  Melee: Falchion          ||    88
 Armour: Robe              ||     7
         Leather armour    ||    17
  Dodge: Dodged            ||    67
